 Dungeon Sprint DCSS version 0.16-a0-3807-g3748f16 (webtiles) character file.

12712 BluebellGnoll the Purifying Dwarf (level 11, -8/164 HPs)
             Began as a Deep Dwarf Gladiator on Jan 28, 2015.
             Was a High Priest of Elyvilon.
             Mangled by a vampire knight
             ... wielding a +0 great mace
              (27 damage)
             ... in the Dungeon (Sprint IX: "|||||||||||||||||||||||||||||").
             The game lasted 00:33:12 (2117 turns).

BluebellGnoll the Purifying Dwarf (DDGl)            Turns: 2117, Time: 00:33:12

Health: -8/164     AC: 20    Str: 19    XL:     11   Next: 66%
Magic:  23/40      EV:  5    Int: 10    God:    Elyvilon [*****.]
Gold:   14         SH: 13    Dex: 18    Spells: 1 memorised, 9 levels left

rFire  + + .     SeeInvis .     q - +7 broad axe (chop)
rCold  x . .     Clarity  .     D - +1 plate armour {rF+}
rNeg   . . .     SustAb   .     L - +1 large shield
rPois  .         Gourm    .     x - +1 hat
rElec  .         Spirit   .     (no cloak)
rCorr  .         Warding  .     M - +1 pair of gloves
rMut   .         NoTele   +     N - +1 pair of boots
MR     +....                    (no amulet)
Stlth  ..........               f - ring of fire
                                t - +3 ring of dexterity

@: divinely vigorous, very slightly contaminated, non-regenerating, somewhat
resistant to hostile enchantments, extremely unstealthy
A: damage resistance, recharge devices, sense surroundings 2, slow healing 3
a: Device Recharging, Lesser Healing, Lesser Self-Healing, Divine Protection,
Purification, Greater Healing, Greater Self-Healing, Divine Vigour, Renounce
Religion


You were in the Dungeon.
You worshipped Elyvilon.
Elyvilon was extremely pleased with you.
You were very hungry.

You visited 1 branch You collected 1933 gold pieces.
You spent 1919 gold pieces at shops.

Inventory:

Hand weapons
 c - the +7 greatsling "Punk" {freeze, rC+}
   (You found it in the Dungeon)

   It turns projectiles fired from it into bolts of frost.
   It protects you from cold.
 q - a +7 broad axe of chopping (weapon)
Missiles
 d - 2 throwing nets (quivered)
 E - 4 tomahawks
Armour
 w - the +4 ring mail of Parlour Games {rCorr Int+3}
   (You found it in the Dungeon)

   It affects your intelligence (+3).
   It protects you from acid and corrosion.
 x - a +1 hat (worn)
 D - a +1 plate armour of fire resistance (worn)
 L - a +1 large shield (worn)
 M - a +1 pair of gloves (worn)
 N - a +1 pair of boots (worn)
 O - a +0 mottled dragon armour
 P - the +5 ring mail of Tiajox {MR+}
   (You found it in the Dungeon)

   It affects your resistance to hostile enchantments.
Magical staves
 p - an uncursed staff of energy
Jewellery
 f - a ring of fire (right hand)
 t - a +3 ring of dexterity (left hand)
 u - a +3 ring of intelligence
 K - an uncursed ring of protection from cold
Magical devices
 e - a wand of heal wounds (4)
 G - a wand of slowing (12)
Scrolls
 n - 5 scrolls of remove curse
 o - 2 scrolls of amnesia
 y - 2 scrolls of fear
 z - a scroll of recharging
 A - a scroll of fog
 F - 5 scrolls of identify
Potions
 a - a potion of restore abilities
 b - 4 potions of brilliance
 g - 6 potions of curing
 h - 7 potions of heal wounds
 i - a potion of invisibility
 j - 4 potions of magic
 k - a potion of berserk rage
 m - a potion of resistance
 r - a potion of haste
 v - 3 potions of cure mutation
 H - a potion of agility
Books
 I - a book of Summonings

   Spells                             Type                      Level
   a - Abjuration                     Summoning                    3
   b - Recall                         Summoning/Translocation      3
   c - Shadow Creatures               Summoning                    5
   d - Summon Demon                   Summoning                    5
   e - Summon Forest                  Summoning/Translocation      5
   f - Monstrous Menagerie            Summoning                    6
 J - a book of Beasts

   Spells                             Type                      Level
   a - Summon Butterflies             Summoning                    1
   b - Call Canine Familiar           Summoning                    3
   c - Summon Ice Beast               Ice/Summoning                4
   d - Summon Mana Viper              Hexes/Summoning              5
   e - Monstrous Menagerie            Summoning                    6
   f - Summon Hydra                   Summoning                    7
Comestibles
 s - 36 fruits
 B - 11 bread rations
 C - 12 meat rations


   Skills:
 - Level 15.0 Fighting
 - Level 15.1 Axes
 - Level 5.3 Throwing
 + Level 9.0 Armour
 - Level 8.0 Dodging
 - Level 19.4 Invocations


You had 9 spell levels left.
You knew the following spells:

 Your Spells              Type           Power        Failure   Level  Hunger
a - Summon Butterflies    Summ           #.......     100%        1    ##.....


Dungeon Overview and Level Annotations

Branches:
Dungeon (1/1)

Altars:
Cheibriados
Dithmenos
Elyvilon
Fedhas
Gozag
Kikubaaqudgha
Makhleb
Nemelex Xobeh
Okawaru
Qazlal
Ru
Sif Muna
Trog
Vehumet
Xom
Yredelemnul
Zin
The Shining One
Beogh
Jiyva
Lugonu

Shops:
D :(**


Innate Abilities, Weirdness & Mutations

You are resistant to damage.
You can recharge devices by infusing magical energy.
You passively map the area around you.
You do not heal naturally.


Message History

Unknown command.
Drink which item? (? for menu, Esc to quit)
You feel much better.
Eat which item? (? for menu, Esc to quit)
That choko was very bland.
You are feeling very hungry.
The minotaur hits you with a dire flail of crushing.
* * * LOW HITPOINT WARNING * * *
The minotaur gores you!
* * * LOW HITPOINT WARNING * * *
The vampire knight hits you with a great mace!!
* * * LOW HITPOINT WARNING * * *
You block the vampire knight's attack.
Drink which item? (? for menu, Esc to quit)
You feel much better.
The minotaur hits you with a dire flail of crushing.
* * * LOW HITPOINT WARNING * * *
The minotaur gores you but does no damage.
The vampire knight hits you with a great mace!!
You die...

,*,*,*,*,*,*,*,▓.▓.▓)▓.▓.▓.▓_▓
,*,*,*,*,*,*,*,▓[▓.▓)▓.▓.▓.▓_▓
,*,*,*,*,*,*,*,▓[▓.▓.▓.▓'▓.▓_▓
,*,*,*,*,*,*,*,▓.▓.▓.▓.▓%▓.▓_▓
,*,*,*,*,*,*,*,▓.▓.▓.▓.▓.▓.▓_▓
,*,*,*,*,*,*,*,▓.▓.▓.▓.▓.▓.▓_▓
+*,*,*,*,*,*+*,▓.▓.▓.▓.▓†▓.▓_▓
,*,*,*,*+*,*,*,▓V▓.▓.▓.▓.▓.▓_▓
,*,*,*,*,*,*,*,▓@▓.▓.▓.▓.▓.▓_▓
,*,*,*,*,*,*,*,▓H▓.▓)▓.▓.▓.▓_▓
,*,*,*,*,*,*,*,▓Z▓.▓[▓.▓.▓.▓'▓
,*,*,*,*,*,*,*,▓Z▓.▓÷▓.▓.▓.▓.▓
,*,*,*,*,*,*,*,▓(▓.▓.▓.▓'▓.▓.▓
,*,*,*,*,*,*,*,▓(▓.▓.▓.▓.▓.▓/▓
,*,*,*,*,*,*,*,▓)▓.▓)▓.▓.▓.▓)▓
,*,*,*,*,*,*,*,▓.▓.▓.▓.▓.▓.▓.▓
,*,*,*,*,*,*+*,▓.▓.▓.▓.▓.▓.▓.▓


You could see a minotaur, a vampire knight, a fire dragon zombie and a deep
troll zombie.

Vanquished Creatures
  Gastronok (D)
  An ettin (D)
  4 ogre magi (D)
  A centaur warrior (D)
  A vampire mage (D)
  3 death yaks (D)
  Psyche (D)
  A torpor snail (D)
  An efreet (D)
  A wolf (D)
  A two-headed ogre (D)
  8 orc warriors (D)
  4 yaks (D)
  A black bear (D)
  5 ogres (D)
  A jelly (D)
  3 orc priests (D)
  An orc wizard (D)
  A hound (D)
  An iguana (D)
  2 river rats (D)
  An adder (D)
  6 orcs (D)
  2 hobgoblins (D)
  A giant cockroach zombie (D)
  A giant gecko skeleton (D)
  3 giant newts (D)
  2 rats (D)
59 creatures vanquished.

Vanquished Creatures (others)
  A fire dragon (D)
  A centaur warrior (D)
  A hydra (D)
  3 death yaks (D)
  A deep troll earth mage (D)
  An orc knight (D)
  An ugly thing (D)
  A griffon (D)
  A kobold demonologist (D)
  A komodo dragon (D)
  2 two-headed ogres (D)
  2 basilisks (D)
  2 yaks (D)
  Grum (D)
  2 hippogriffs (D)
  A deep elf mage (D)
  A black bear (D)
  3 wolves (D)
  4 orc warriors (D)
  2 ogres (D)
  2 giant frogs (D)
  A crimson imp (D)
  2 orc wizards (D)
  An adder (D)
  An orc (D)
  2 quokkas (D)
  A giant spore (D)
  2 ballistomycetes (D)
44 creatures vanquished.

Grand Total: 103 creatures vanquished

Notes
Turn   | Place    | Note
--------------------------------------------------------------
     0 | D        | BluebellGnoll, the Deep Dwarf Gladiator, began the quest for the Orb.
     0 | D        | Reached XP level 1. HP: 19/19 MP: 1/1
     5 | D        | Reached skill level 4 in Axes
    24 | D        | Noticed a jelly
    24 | D        | Noticed an ogre
    32 | D        | Killed a jelly
    32 | D        | Reached skill level 5 in Fighting
    32 | D        | Reached XP level 2. HP: 23/32 MP: 2/2
    32 | D        | Reached XP level 3. HP: 28/39 MP: 3/3
    42 | D        | Killed an ogre
    42 | D        | Reached skill level 8 in Fighting
    42 | D        | Reached XP level 4. HP: 33/54 MP: 4/4
    53 | D        | Found a glowing silver altar of Zin.
    53 | D        | Found a glowing golden altar of the Shining One.
    53 | D        | Found an ancient bone altar of Kikubaaqudgha.
    53 | D        | Found a basalt altar of Yredelemnul.
    53 | D        | Found a shimmering altar of Xom.
    53 | D        | Found a radiant altar of Vehumet.
    53 | D        | Found an iron altar of Okawaru.
    54 | D        | Found a burning altar of Makhleb.
    55 | D        | Found a deep blue altar of Sif Muna.
    56 | D        | Found a bloodstained altar of Trog.
    57 | D        | Found a sparkling altar of Nemelex Xobeh.
    58 | D        | Found a white marble altar of Elyvilon.
    59 | D        | Found a roughly hewn altar of Beogh.
    60 | D        | Found a viscous altar of Jiyva.
    61 | D        | Found a corrupted altar of Lugonu.
    62 | D        | Found a blossoming altar of Fedhas.
    63 | D        | Found a snail-covered altar of Cheibriados.
    64 | D        | Found a shadowy altar of Dithmenos.
    65 | D        | Found a stormy altar of Qazlal.
    66 | D        | Found an opulent altar of Gozag.
    67 | D        | Found a sacrificial altar of Ru.
    69 | D        | Became a worshipper of Elyvilon the Healer
   125 | D        | Noticed a hound
   125 | D        | Noticed an orc wizard
   125 | D        | Noticed a black bear
   128 | D        | Reached skill level 1 in Invocations
   132 | D        | Killed a hound
   132 | D        | Reached XP level 5. HP: 61/61 MP: 4/9
   132 | D        | Killed an orc wizard
   145 | D        | Killed a black bear
   145 | D        | Reached skill level 9 in Invocations
   156 | D        | Noticed a giant frog
   156 | D        | Noticed a black bear
   156 | D        | Noticed a deep elf mage
   156 | D        | Noticed a centaur warrior
   156 | D        | Noticed a yak
   156 | D        | Noticed a troll
   157 | D        | Pacified a giant frog
   157 | D        | Reached skill level 10 in Invocations
   157 | D        | Reached XP level 6. HP: 65/68 MP: 7/18
   157 | D        | Acquired Elyvilon's first power
   157 | D        | Acquired Elyvilon's second power
   157 | D        | Acquired Elyvilon's third power
   158 | D        | Killed a giant frog
   160 | D        | Pacified a black bear
   160 | D        | Reached skill level 11 in Invocations
   166 | D        | Killed a deep elf mage
   168 | D        | Killed a black bear
   169 | D        | Pacified a centaur warrior
   169 | D        | Reached skill level 15 in Invocations
   169 | D        | Reached XP level 7. HP: 54/75 MP: 12/23
   184 | D        | Killed a yak
   188 | D        | Killed a centaur warrior
   201 | D        | Pacified a troll
   201 | D        | Reached skill level 17 in Invocations
   201 | D        | Acquired Elyvilon's fourth power
   439 | D        | Got the +4 ring mail of Parlour Games {rCorr Int+3}
   463 | D        | Noticed a five-headed hydra
   463 | D        | Noticed a komodo dragon
   463 | D        | Noticed a basilisk
   463 | D        | Noticed a five-headed hydra
   464 | D        | Pacified a five-headed hydra
   464 | D        | Reached XP level 8. HP: 82/82 MP: 26/26
   467 | D        | Killed a komodo dragon
   472 | D        | Killed a basilisk
   474 | D        | Killed a five-headed hydra
   491 | D        | Pacified a five-headed hydra
   629 | D        | Noticed an iguana
   634 | D        | Killed an iguana
   643 | D        | Noticed a spiny frog
   647 | D        | Pacified a spiny frog
   688 | D        | Noticed a yak
   688 | D        | Noticed a yak
   688 | D        | Noticed a griffon
   688 | D        | Noticed a torpor snail
   688 | D        | Noticed a yak
   689 | D        | Pacified a yak
   691 | D        | Killed a yak
   696 | D        | Noticed a hippogriff
   698 | D        | Killed a yak
   698 | D        | Gained mutation: You passively map the area around you. [level up]
   698 | D        | Reached XP level 9. HP: 73/90 MP: 27/27
   699 | D        | Noticed a komodo dragon
   705 | D        | Pacified a griffon
   709 | D        | Killed a griffon
   719 | D        | Killed a torpor snail
   726 | D        | Killed a yak
   732 | D        | Pacified a hippogriff
   735 | D        | Killed a hippogriff
   737 | D        | Pacified a komodo dragon
   737 | D        | Reached skill level 15 in Axes
   822 | D        | Noticed a death yak
   822 | D        | Noticed a death yak
   822 | D        | Noticed a death yak
   822 | D        | Noticed a death yak
   822 | D        | Noticed a death yak
   822 | D        | Noticed a yak
   822 | D        | Noticed a death yak
   823 | D        | Pacified a death yak
   828 | D        | Killed a death yak
   834 | D        | Noticed a yak
   841 | D        | Killed a death yak
   841 | D        | Reached skill level 10 in Fighting
   843 | D        | Pacified a death yak
   848 | D        | Killed a death yak
   857 | D        | HP: 3/126 [death yak (10)]
   864 | D        | Elyvilon protects you from harm!
   866 | D        | Killed a death yak
   867 | D        | Pacified a death yak
   867 | D        | Reached XP level 10. HP: 18/143 MP: 35/37
   867 | D        | HP: 7/143 [death yak (11)]
   875 | D        | Killed a death yak
   884 | D        | Killed a death yak
   891 | D        | Killed a yak
   898 | D        | Killed a yak
  1025 | D        | Noticed an orc warrior
  1025 | D        | Noticed an orc priest
  1025 | D        | Noticed an orc warrior
  1025 | D        | Noticed an orc warrior
  1029 | D        | Pacified an orc warrior
  1047 | D        | Killed an orc warrior
  1052 | D        | Killed an orc warrior
  1056 | D        | Noticed an orc priest
  1063 | D        | Noticed an orc wizard
  1065 | D        | Killed an orc warrior
  1066 | D        | Noticed an orc priest
  1069 | D        | Killed an orc priest
  1075 | D        | Killed an orc priest
  1078 | D        | Killed an orc wizard
  1090 | D        | Killed an orc priest
  1204 | D        | Noticed an orc wizard
  1204 | D        | Noticed an orc warrior
  1204 | D        | Noticed an orc warrior
  1204 | D        | Noticed an orc warrior
  1204 | D        | Noticed an orc warrior
  1204 | D        | Noticed an orc knight
  1207 | D        | Pacified an orc warrior
  1208 | D        | Pacified an orc warrior
  1208 | D        | Killed an orc warrior
  1210 | D        | Killed an orc wizard
  1215 | D        | Noticed an orc warrior
  1217 | D        | Noticed an orc warrior
  1217 | D        | Killed an orc warrior
  1218 | D        | Killed an orc warrior
  1221 | D        | Pacified an orc knight
  1221 | D        | Reached skill level 5 in Dodging
  1239 | D        | Killed an orc warrior
  1242 | D        | Killed an orc knight
  1253 | D        | Killed an orc warrior
  1255 | D        | Killed an orc warrior
  1266 | D        | Noticed an orc warrior
  1277 | D        | Noticed an orc warrior
  1279 | D        | Killed an orc warrior
  1280 | D        | Noticed an orc warrior
  1282 | D        | Killed an orc warrior
  1287 | D        | Killed an orc warrior
  1349 | D        | Found Qor Ulim's Book Emporium.
  1349 | D        | Noticed a two-headed ogre
  1349 | D        | Noticed an ogre
  1349 | D        | Noticed an ogre
  1349 | D        | Noticed an ogre mage
  1349 | D        | Noticed an ogre
  1349 | D        | Noticed an ogre
  1350 | D        | Pacified a two-headed ogre
  1351 | D        | Killed a two-headed ogre
  1355 | D        | Noticed an ogre mage
  1355 | D        | Killed an ogre
  1359 | D        | Noticed an ogre
  1361 | D        | Killed an ogre mage
  1363 | D        | Pacified an ogre
  1364 | D        | Killed an ogre
  1371 | D        | Killed an ogre mage
  1372 | D        | Killed an ogre
  1375 | D        | Killed an ogre
  1375 | D        | Reached XP level 11. HP: 129/157 MP: 31/36
  1377 | D        | Killed an ogre
  1384 | D        | Found Smiucudghut's Weapon Shoppe.
  1401 | D        | Found Nucadu's Assorted Antiques.
  1406 | D        | Found Wiosoj's General Store.
  1408 | D        | Noticed a two-headed ogre
  1410 | D        | Noticed an ogre mage
  1410 | D        | Noticed an ogre mage
  1411 | D        | Pacified a two-headed ogre
  1414 | D        | Noticed an ogre
  1415 | D        | Pacified an ogre
  1415 | D        | Killed a two-headed ogre
  1418 | D        | Noticed a two-headed ogre
  1420 | D        | Killed an ogre mage
  1421 | D        | Killed an ogre
  1425 | D        | Killed an ogre mage
  1425 | D        | Reached skill level 5 in Throwing
  1427 | D        | Killed a two-headed ogre
  1427 | D        | Reached skill level 15 in Fighting
  1468 | D        | Bought a scroll labeled PLUBUA PSAGG for 31 gold pieces
  1468 | D        | Bought a scroll labeled PLUBUA PSAGG for 31 gold pieces
  1468 | D        | Bought a short silver wand for 124 gold pieces
  1470 | D        | Bought a potion of agility for 56 gold pieces
  1470 | D        | Bought a scroll of identify for 28 gold pieces
  1470 | D        | Bought a scroll of identify for 28 gold pieces
  1470 | D        | Bought a scroll of identify for 28 gold pieces
  1470 | D        | Bought a scroll of remove curse for 42 gold pieces
  1470 | D        | Bought 2 potions of brilliance for 112 gold pieces
  1470 | D        | Bought 2 potions of heal wounds for 140 gold pieces
  1470 | D        | Bought a scroll of magic mapping for 49 gold pieces
  1477 | D        | Bought a book of Summonings for 700 gold pieces
  1477 | D        | Bought a book of Beasts for 550 gold pieces
  1489 | D        | Learned a level 1 spell: Summon Butterflies
  1514 | D        | Noticed Gastronok
  1517 | D        | Noticed a wolf
  1518 | D        | Noticed Grum
  1518 | D        | Noticed a wolf
  1519 | D        | Noticed Psyche
  1520 | D        | Noticed a wolf
  1520 | D        | Noticed a wolf
  1522 | D        | Pacified Grum
  1527 | D        | Killed Grum
  1528 | D        | Pacified a wolf
  1529 | D        | Pacified a wolf
  1530 | D        | Killed a wolf
  1534 | D        | Killed Gastronok
  1534 | D        | Reached skill level 18 in Invocations
  1536 | D        | Killed a wolf
  1541 | D        | Killed a wolf
  1550 | D        | Killed Psyche
  1550 | D        | Reached skill level 19 in Invocations
  1552 | D        | Killed a wolf
  1607 | D        | Noticed Maurice
  1608 | D        | Pacified Maurice
  2019 | D        | Got the +5 ring mail of Tiajox {MR+}
  2038 | D        | Noticed a kobold demonologist
  2038 | D        | Noticed a crimson imp
  2038 | D        | Noticed a basilisk
  2038 | D        | Noticed a giant frog
  2038 | D        | Noticed a centaur warrior
  2038 | D        | Noticed an efreet
  2038 | D        | Noticed a purple ugly thing
  2039 | D        | Pacified a kobold demonologist
  2040 | D        | Pacified a basilisk
  2041 | D        | Killed a giant frog
  2043 | D        | Killed a basilisk
  2047 | D        | Noticed a hippogriff
  2049 | D        | Noticed an ettin
  2051 | D        | Noticed a vampire mage
  2052 | D        | Pacified a hippogriff
  2052 | D        | Killed a purple ugly thing
  2054 | D        | Killed a hippogriff
  2058 | D        | Noticed a fire dragon
  2058 | D        | Pacified a fire dragon
  2063 | D        | Noticed a deep troll earth mage
  2066 | D        | Killed a fire dragon
  2068 | D        | Killed a crimson imp
  2069 | D        | Noticed a vampire knight
  2069 | D        | Killed a kobold demonologist
  2072 | D        | Noticed a minotaur
  2073 | D        | Killed a centaur warrior
  2073 | D        | Reached skill level 5 in Armour
  2079 | D        | Killed an efreet
  2086 | D        | Pacified a deep troll earth mage
  2086 | D        | Elyvilon protects you from harm!
  2090 | D        | Killed a deep troll earth mage
  2094 | D        | Killed an ettin
  2109 | D        | Killed a vampire mage
  2113 | D        | HP: 4/164 [minotaur/dire flail of crushing (17)]
  2113 | D        | HP: 1/164 [minotaur/dire flail of crushing (3)]
  2117 | D        | Mangled by a vampire knight

Action                   |  1- 3 |  4- 6 |  7- 9 | 10-12 || total
-------------------------+-------+-------+-------+-------++-------
Melee: War axe           |    22 |       |       |       ||    22
       Broad axe         |       |    15 |    51 |   152 ||   218
       Staff             |       |       |     4 |       ||     4
Throw: Throwing net      |       |     1 |       |     1 ||     2
Invok: Lesser Healing    |       |     3 |     4 |    10 ||    17
       Lesser Self-Heali |       |       |     9 |     5 ||    14
       Greater Healing   |       |       |    10 |    24 ||    34
       Greater Self-Heal |       |       |     3 |    15 ||    18
       Divine Vigour     |       |       |     2 |     6 ||     8
 Abil: Device Recharging |       |       |       |     1 ||     1
Evoke: Wand              |       |     2 |       |     4 ||     6
       Staff of energy   |       |     2 |     2 |       ||     4
  Use: Potion            |     1 |       |       |     2 ||     3
       Scroll            |       |       |     1 |     9 ||    10
  Eat: Chunk             |       |       |     8 |    14 ||    22
       Bread ration      |       |       |       |     2 ||     2
       Fruit             |       |       |       |     4 ||     4
